 Dungeon Crawl Stone Soup version 0.30-a0-920-g7493c07aab (webtiles) character file.

Game seed: 1791850902288142932

57 ragingrage the Slasher (level 4, -1/33 HPs)
             Began as a Human Warper on Mar 21, 2023.
             Slain by a lemure (4 damage)
             ... led by Pikel
             ... on level 4 of the Dungeon.
             The game lasted 00:05:27 (1865 turns).

ragingrage the Slasher (Human Warper)               Turns: 1865, Time: 00:05:28

Health: -1/33      AC:  7    Str: 11    XL:     4   Next: 18%
Magic:  7/7        EV:  9    Int: 13    God:
Gold:   153        SH:  0    Dex: 15    Spells: 7/7 levels left

rFire   . . .      SeeInvis .    a - +0 falchion
rCold   . . .      Faith    .    (no shield)
rNeg    . . .      Spirit   .    f - +0 scale mail
rPois   .          Reflect  .    (no helmet)
rElec   .          Rampage  .    (no cloak)
rCorr   .                        g - +0 pair of gloves
Will    .....                    (no boots) Stlth
                                 (no amulet)
HPRegen 0.25/turn                (no ring)
MPRegen 0.10/turn                (no ring)

@: silenced
A: no striking features
a: no special abilities


You were on level 4 of the Dungeon.
You visited 1 branch of the dungeon, and saw 6 of its levels.

You collected 153 gold pieces.

Inventory:

Hand Weapons
 a - a +0 falchion (weapon)
 e - a +0 dagger of speed
Missiles
 d - 7 boomerangs of dispersal (quivered)
Armour
 f - a +0 scale mail (worn)
 g - a +0 pair of gloves (worn)
Scrolls
 b - 2 scrolls of silence
 i - a scroll of identify {unknown}
 j - 2 scrolls of teleportation {unknown}
Potions
 c - 2 potions of attraction {unknown}


   Skills:
 - Level 2.0 Fighting
 + Level 3.5 Long Blades
 - Level 1.0 Throwing
 - Level 1.0 Armour
 - Level 2.0 Dodging
 - Level 2.0 Stealth
 - Level 2.0 Spellcasting
 - Level 3.0 Translocations


You had 7 spell levels left.
You didn't know any spells.
Your spell library contained the following spells:

 Spells                   Type           Power      Damage    Failure   Level
 Blink                    Tloc           18%        N/A       56%         2
 Lesser Beckoning         Tloc           18%        N/A       56%         2
 Teleport Other           Tloc           9%         N/A       80%         3
 Shock                    Conj/Air       4%         1d3       83%         1
 Slow                     Hex            4%         N/A       83%         1
 Vhi's Electric Charge    Tloc/Air       10%        N/A       94%         3
 Confusing Touch          Hex            1%         N/A       99%         3
 Swiftness                Air            1%         N/A       99%         3
 Vampiric Draining        Necr           1%         2d6       99%         3
 Manifold Assault         Tloc           9%         N/A       99%         4
 Airstrike                Air            0%         2d(1-17)  100%        4


Dungeon Overview and Level Annotations

Branches:
Dungeon (6/15)
 Temple: D:4-7

Altars:

Shops:
D:2 ?   D:4 *

Annotations:
D:5 Eustachio


Message History

The teleport trap disappears.
Your surroundings suddenly seem different.
There is a stone staircase leading up here.
You climb upwards.
The lemure hits you. The lemure closely misses you.
There is a stone staircase leading down, spattered with blood here.
Unknown command.
The lemure closely misses you. The lemure hits you.
You see here an adder skeleton.
The lemure attacks as you move away! The lemure hits you but does no damage.
The lemure closely misses you. The lemure attacks as you move away!
The lemure hits you. The lemure attacks as you move away!
The lemure hits you but does no damage. The lemure attacks as you move away!
The lemure hits you.
A lemure opens the door.
Found Xirylae's General Store.
The lemure attacks as you move away! The lemure hits you.
The lemure attacks as you move away! The lemure barely misses you.
You open the door. The lemure hits you. The lemure hits you.
There is an open door here.
As you read the scroll labelled DIYCLUIPTUGH, it crumbles to dust.
A profound silence engulfs you.
It was a scroll of silence.
The lemure hits you but does no damage.
Unknown command.
Magic scrolls do not work when you're silenced!
You hit the lemure. The lemure hits you. The lemure closely misses you.
The lemure barely misses you.
You closely miss the lemure. The lemure hits you but does no damage.
The lemure hits you. x2
* * * LOW HITPOINT WARNING * * *
You hit the lemure. The lemure hits you but does no damage.
The lemure hits you.
* * * LOW HITPOINT WARNING * * *
The lemure hits you.
* * * LOW HITPOINT WARNING * * *
You hit the lemure. The lemure hits you.
* * * LOW HITPOINT WARNING * * *
The lemure barely misses you. x2
You barely miss the lemure. The lemure closely misses you. The lemure hits you.
You die...

##........##
#..........#
#..........#
#..........## #
##....g.....# .#
#....#'#...# #.##
##...#.#.÷># #.(..
#5###.###.# #.....
#5@5g∩..'.###....).
#####.###.##....g..
.# ##g.#.....g +#
#..##5..... #..##
...?.. ..## ...#..
#..# ..## . #..#
..# ..# .##


You could see 3 lemures and a goblin.

Vanquished Creatures
  2 adders
  An ufetubus (D:5)
  A worm (D:2)
  2 dart slugs (D:2)
  An orc (D:1)
  A bat (D:1)
  2 endoplasms (D:1)
  A giant cockroach (D:2)
  A goblin (D:2)
  A hobgoblin (D:1)
  A jackal (D:3)
  4 quokkas
  2 frilled lizards (D:2)
  2 kobolds (D:1)
  4 rats
26 creatures vanquished.

Notes
Turn   | Place    | Note
-------+----------+-------------------------------------------
     0 | D:1      | ragingrage the Human Warper began the quest for the Orb.
     0 | D:1      | Reached XP level 1. HP: 16/16 MP: 3/3
   203 | D:1      | Reached XP level 2. HP: 18/22 MP: 5/5
   408 | D:1      | Reached skill level 1 in Stealth
  1030 | D:2      | Reached XP level 3. HP: 9/27 MP: 6/6
  1257 | D:2      | Found Faptunos's Magic Scroll Boutique.
  1332 | D:3      | You fall into a shaft and drop 2 floors!
  1332 | D:5      | Entered Level 5 of the Dungeon
  1609 | D:4      | Noticed a lemure
  1609 | D:4      | Noticed a lemure
  1609 | D:4      | Noticed a lemure
  1658 | D:5      | Reached XP level 4. HP: 11/33 MP: 7/7
  1827 | D:5      | Noticed Eustachio
  1853 | D:4      | Found Xirylae's General Store.
  1865 | D:4      | Slain by a lemure

Illustrated notes

Levels and vault maps discovered:
D:1:      heliophobic_arrival_henge, layout_loops_ring
D:2:      cheibrodos_pilgrimage, layout_basic, serial_shops,
          nicolae_diamond_shop
D:3:      layout_loops_ring, minmay_snake_closets
D:4:      layout_cave_pods, serial_shops, nicolae_shop_hallway_plus, shop,
          minmay_pentangle, uniq_pikel
D:5:      layout_cave_pods, mainiacjoe_overflow_surrounded_room, uniq_grinder,
          uniq_duvessa, uniq_eustachio
D:6:      layout_gridville, mainiacjoe_overflow_catwalk,
          nzn_wu_jian_council_hall, minmay_temple_entry_proselytizer,
          minivault_11, kennysheep_cluttered_room, uniq_sigmund, uniq_edmund,
          uniq_menkaure

Skill      XL: |  1  2  3 |
---------------+----------+-----
Stealth        | 1 2 |  2.0
Long Blades    | 3 |  3.5
Fighting       | |  2.0
Throwing       | |  1.0
Armour         | |  1.0
Dodging        | |  2.0
Spellcasting   | |  2.0
Translocations | |  3.0

Action                     |  1- 3 |  4- 6 || total
---------------------------+-------+-------++-------
  Melee: Falchion          |   143 |     5 ||   148
         Punch             |     1 |       ||     1
    Use: Scroll            |     4 |     1 ||     5
   Stab: Sleeping          |     1 |       ||     1
 Armour: Leather armour    |     4 |       ||     4
         Scale mail        |    65 |     5 ||    70
  Dodge: Dodged            |    79 |     9 ||    88

Table legend: (Time is in decaauts)
 A = Elapsed time spent in this place.
 B = Non-inter-level travel time spent in this place.
 C = Inter-level travel time spent in this place.
 D = Time resting spent in this place.
 E = Time spent auto-exploring this place.
 F = Levels seen in this place.
 G = Mean time per level.
                   A        B        C        D        E       F      G
               +--------+--------+--------+--------+--------+-----+--------+
         Total |   1891 |   1759 |    132 |    414 |    869 |   6 |  315.2 |
       Dungeon |   1891 |   1759 |    132 |    414 |    869 |   6 |  315.2 |
               +--------+--------+--------+--------+--------+-----+--------+

Top non-repeatable levels by time:
     D:1: 830 daAuts
     D:2: 496 daAuts
     D:5: 397 daAuts
     D:4: 135 daAuts
     D:3: 25 daAuts
     D:6: 6 daAuts
